Map: Deathaura LE

Players

Serral - Winner!

  • Race: Zerg Zerg
  • Spawn Location: 11:00

PtitDrogo

  • Race: Protoss Protoss
  • League: Master
  • Spawn Location: 5:00

Event: StayAtHomestory Cup #2

VOD

Have the link to the VOD?

Description

Time

  • Played on: June 12, 2020, 3:28 p.m.
  • Length: 14:29

All games in this series

Show
View Real Time Build Order
Export as new Build Order

Serral Zerg - Winner!

Build Orders: Hatch First 

Get SALT Encoding   

  12  0:00  Drone  
  13  0:12  Overlord  
  13  0:16  Drone  
  14  0:30  Drone  
  14  0:31  Drone  
  16  0:47  Hatchery  
  15  0:51  Drone  
  15  0:55  Drone  
  17  0:58  Drone  
  18  1:09  Extractor  
  17  1:13  Spawning Pool  
  17  1:17  Drone  
  17  1:20  Drone  
  18  1:28  Drone  
  19  1:38  Drone  
  20  1:49  Overlord  
  20  2:00  Queen x2  
  20  2:01  Zergling x4  
  26  2:10  Drone x2  
  26  2:12  Metabolic Boost  
  28  2:22  Drone x2  
  30  2:33  Hatchery  
  30  2:35  Drone  
  30  2:38  Drone  
  31  2:44  Queen  
  31  2:49  Overlord  
  32  2:52  Drone  
  32  2:57  Zergling x4  
  35  3:09  Zergling x2  
  35  3:10  Drone x4  
  40  3:15  Overlord  
  40  3:19  Drone  
  41  3:23  Queen  
  41  3:25  Overlord  
  43  3:36  Spore Crawler  
  43  3:39  Spore Crawler  
  41  3:41  Drone x2  
  41  3:42  Drone x2  
  41  3:45  Drone x3  
  41  3:48  Queen  
  50  3:53  Drone  
  50  3:54  Drone x2  
  53  3:58  Drone x2  
  53  4:01  Spore Crawler  
  53  4:02  Drone  
  55  4:06  Zergling x2  
  55  4:07  Overlord  
  55  4:08  Drone  
  57  4:11  Drone x2  
  57  4:16  Drone x2  
  61  4:17  Drone  
  61  4:19  Drone  
  61  4:23  Overlord  
  63  4:27  Lair  
  63  4:28  Drone x2  
  63  4:31  Drone  
  66  4:37  Roach Warren  
  65  4:38  Extractor  
  65  4:40  Extractor, Drone x2  
  65  4:45  Zergling x4  
  67  4:47  Drone x2  
  67  4:48  Drone x2  
  67  4:49  Overlord  
  67  4:50  Drone  
  72  4:54  Overlord  
  72  4:55  Drone  
  72  4:56  Drone x2  
  75  5:00  Drone x2  
  75  5:06  Evolution Chamber  
  75  5:07  Extractor  
  75  5:09  Drone x2  
  75  5:12  Drone  
  75  5:14  Drone x2  
  80  5:17  Drone x2  
  80  5:20  Drone x3, Hatchery  
  83  5:22  Extractor  
  83  5:23  Extractor, Drone x2  
  83  5:26  Glial Reconstitution  
  83  5:29  Drone  
  83  5:30  Baneling Nest  
  83  5:32  Spore Crawler  
  83  5:33  Queen  
  84  5:37  Zerg Melee Weapons Level 1  
  84  5:40  Roach x2  
  84  5:41  Roach  
  90  5:46  Overlord x2  
  90  5:49  Overlord  
  89  5:51  Overlord  
  89  5:55  Drone  
  89  5:56  Overlord  
  90  6:00  Overseer  
  90  6:01  Overlord x3  
  90  6:05  Roach x3  
  90  6:08  Overseer  
  90  6:09  Overlord  
  96  6:12  Overlord  
  96  6:15  Centrifical Hooks  
  96  6:16  Roach  
  98  6:30  Overlord  
  98  6:31  Roach x4  
  98  6:32  Roach  
  108  6:33  Queen  
  108  6:35  Overlord  
  108  6:37  Overlord  
  108  6:39  Drone x3  
  115  6:40  Drone x2  
  115  6:42  Drone x2  
  115  6:43  Drone  
  115  6:44  Drone  
  115  6:45  Drone  
  115  6:46  Drone  
  121  6:49  Overlord  
  118  6:55  Drone x3  
  118  7:02  Pneumatized Carapace, Drone  
  118  7:03  Spire  
  118  7:04  Drone x3  
  118  7:05  Spore Crawler  
  120  7:11  Zergling x2  
  120  7:12  Zergling x12  
  127  7:22  Drone x2  
  127  7:24  Zergling x14  
  127  7:25  Zergling x2  
  135  7:32  Drone  
  135  7:33  Drone, Infestation Pit  
  135  7:34  Baneling x6  
  136  7:39  Zerg Melee Weapons Level 2, Hatchery  
  136  7:41  Ravager x2  
  136  7:42  Ravager x5  
  142  7:46  Zergling x12  
  142  7:47  Zergling x2  
  142  7:51  Overlord  
  147  7:53  Overseer  
  147  7:58  Baneling x4  
  147  8:00  Baneling x9  
  147  8:06  Zergling x26  
  147  8:11  Hive  
  160  8:15  Corruptor x2  
  164  8:23  Ravager  
  164  8:24  Drone  
  164  8:25  Extractor, Drone x3  
  168  8:30  Zergling x12  
  168  8:31  Zergling x2  
  175  8:36  Zergling x2  
  175  8:37  Zergling x10  
  181  8:44  Zergling x12  
  180  8:59  Zergling x14  
  180  9:00  Zergling x6  
  189  9:02  Evolution Chamber  
  189  9:09  Zergling x18  
  197  9:13  Baneling  
  197  9:14  Baneling x17  
  197  9:15  Baneling x6  
  197  9:21  Zergling x10  
  199  9:30  Baneling x4  
  199  9:31  Baneling x9  
  197  9:36  Zerg Missile Weapons Level 1  
  197  9:37  Adrenal Glands  
  198  9:38  Zergling x4  
  197  9:52  Zergling x22  
  190  9:53  Zergling x20  
  190  9:55  Zergling x2  
  188  10:00  Baneling x4  
  188  10:04  Zergling x2  
  188  10:05  Zergling x24  
  178  10:07  Hatchery  
  178  10:08  Baneling x15  
  178  10:11  Roach x3  
  178  10:13  Roach x4  
  191  10:19  Baneling x9  
  191  10:24  Roach x2, Zergling x10  
  191  10:28  Baneling x8  
  200  10:39  Zerg Melee Weapons Level 3  
  200  10:41  Zergling x2  
  200  10:42  Zergling x2  
  200  10:56  Zergling x8  
  199  11:01  Baneling x5  
  199  11:02  Baneling x7  
  191  11:10  Zergling x44  
  180  11:18  Zergling x16  
  167  11:24  Zergling x2  
  167  11:25  Zergling x10  
  167  11:30  Baneling x5  
  167  11:31  Zerg Ground Armor Level 1  
  167  11:32  Zergling x22  
  165  11:39  Baneling x13  
  165  11:40  Ravager x3  
  165  11:46  Zergling x16  
  176  11:52  Spore Crawler  
  176  11:53  Baneling x11  
  175  11:56  Unknown  
  175  11:58  Unknown  
  175  12:01  Zergling x18  
  176  12:05  Zergling x12  
  167  12:20  Zergling x34  
  177  12:28  Baneling x17  
  177  12:35  Drone x4  
  177  12:36  Drone x2  
  183  12:42  Baneling x6  
  183  12:49  Roach x2, Zergling x16  
  183  12:50  Zergling x8  
  199  13:03  Drone  
  196  13:19  Hatchery  
  190  13:20  Overlord  
  190  13:22  Zergling x2, Overlord  
  190  13:23  Zergling x14  
  190  13:25  Baneling  
  197  13:32  Zergling x4  
  198  13:41  Drone x3  
  193  13:43  Zergling x14  
  193  13:44  Zergling x10  
  193  13:47  Zergling x10  
  199  14:03  Baneling x14  
  199  14:04  Baneling x3  
  194  14:10  Zergling x2, Hatchery  
  194  14:11  Zergling x18  
  194  14:14  Baneling  
  194  14:15  Baneling x7  
Show
View Real Time Build Order
Export as new Build Order

PtitDrogo Protoss 

Build Orders: 1 Gate Expand, Oracle Opening 

Get SALT Encoding   

  12  0:00  Probe  
  13  0:12  Probe  
  14  0:17  Pylon  
  14  0:25  Probe  
  15  0:33  Probe  
  15  0:36  Gateway  
  15  0:42  Probe  
  16  0:46  Assimilator  
  17  0:52  Probe  
  18  1:04  Probe  
  19  1:16  Probe  
  20  1:22  Nexus  
  20  1:32  Cybernetics Core  
  20  1:34  Probe  
  20  1:39  Assimilator  
  21  1:46  Probe  
  22  1:49  Pylon  
  22  1:58  Adept, Probe  
  25  2:10  Probe  
  25  2:12  Stargate  
  26  2:18  Adept  
  26  2:22  Warp Gate  
  26  2:23  Probe  
  29  2:30  Probe  
  29  2:35  Probe  
  31  2:38  Probe  
  32  2:47  Probe  
  32  2:48  Probe  
  32  2:50  Stalker  
  36  2:54  Oracle  
  36  2:59  Probe  
  36  3:00  Probe  
  41  3:06  Pylon  
  41  3:12  Probe x2  
  43  3:24  Probe x2  
  43  3:26  Oracle  
  48  3:36  Probe x2  
  48  3:41  Pylon  
  50  3:46  Nexus  
  50  3:48  Probe x2  
  52  3:56  Assimilator  
  52  3:58  Assimilator  
  52  4:00  Probe, Oracle  
  52  4:01  Probe  
  54  4:09  Shield Battery  
  57  4:12  Probe  
  57  4:13  Probe  
  59  4:17  Robotics Facility  
  59  4:24  Probe x2  
  59  4:26  Pylon  
  61  4:32  Probe  
  61  4:34  Forge, Twilight Council  
  62  4:40  Probe  
  62  4:44  Probe  
  64  4:54  Probe  
  64  4:55  Probe  
  64  4:59  Sentry  
  68  5:01  Probe  
  68  5:02  Probe  
  68  5:04  Probe  
  68  5:06  Gateway, Protoss Ground Weapons Level 1  
  68  5:07  Gateway  
  70  5:10  Gateway  
  70  5:12  Gateway  
  70  5:13  Probe  
  72  5:15  Observer  
  72  5:16  Probe  
  72  5:17  Probe  
  72  5:19  Charge  
  74  5:25  Probe, Assimilator  
  74  5:27  Pylon  
  76  5:28  Probe  
  76  5:29  Probe  
  76  5:31  Assimilator  
  76  5:34  Immortal  
  78  5:35  Templar Archives  
  78  5:37  Probe  
  78  5:38  Pylon  
  81  5:46  Probe  
  84  5:53  Probe x2  
  86  5:59  Gateway  
  86  6:00  Gateway  
  86  6:02  Gateway  
  86  6:06  Pylon  
  86  6:07  Gateway, Pylon  
  86  6:08  Pylon  
  86  6:09  Pylon  
  86  6:12  High Templar x3  
  86  6:15  Immortal  
  86  6:16  Pylon  
  86  6:18  Psionic Storm  
  92  6:19  Photon Cannon  
  96  6:34  Probe x2  
  98  6:40  Zealot  
  98  6:41  Zealot  
  98  6:45  Zealot x3  
  104  6:50  Pylon  
  104  6:52  Probe  
  103  6:57  Protoss Ground Weapons Level 2  
  103  7:01  Probe  
  103  7:04  Probe  
  103  7:07  Probe  
  105  7:13  Probe, High Templar x4  
  114  7:15  Nexus  
  114  7:16  Probe  
  114  7:19  Probe  
  116  7:27  Probe  
  116  7:28  Pylon  
  116  7:29  Probe  
  115  7:31  Probe  
  116  7:39  Probe  
  116  7:41  Probe  
  116  7:43  Assimilator  
  116  7:44  Probe  
  119  7:45  Warp Prism, Assimilator  
  119  7:50  Gateway  
  121  7:52  Gateway  
  121  7:53  Gateway  
  121  7:55  Photon Cannon  
  121  7:59  Probe x3, Blink  
  124  8:11  Probe x3  
  127  8:19  Warp Prism  
  127  8:20  High Templar x5  
  127  8:21  Zealot x4  
  127  8:23  Probe x3  
  127  8:25  Archon x2  
  150  8:49  High Templar x4  
  150  8:50  Zealot x3  
  150  8:52  Pylon  
  150  8:53  Archon  
  150  8:54  Archon, Protoss Ground Weapons Level 3  
  150  8:55  Pylon x2  
  164  8:56  Photon Cannon  
  164  8:57  Probe x2  
  164  8:59  Pylon  
  151  9:09  Probe x2  
  153  9:19  High Templar x4, Zealot x2  
  153  9:20  Zealot x2  
  153  9:23  Archon x2  
  163  9:30  High Templar x2, Zealot x2  
  165  9:35  Archon  
  162  9:38  Probe x2  
  162  9:44  Zealot x4  
  161  9:57  High Templar x3  
  161  9:59  Zealot x2  
  157  10:00  Zealot  
  122  10:07  Zealot x2  
  122  10:08  Zealot  
  122  10:11  Zealot x3  
  134  10:17  Archon  
  134  10:20  Zealot x3  
  140  10:33  High Templar x5  
  140  10:34  Zealot x2  
  140  10:35  Zealot x2  
  158  10:37  Archon x2  
  152  10:48  Stalker x3  
  158  10:56  Zealot x4  
  127  11:11  Archon x2  
  127  11:13  Stalker x4  
  127  11:14  Zealot x4  
  127  11:17  Zealot x3  
  127  11:18  Zealot  
  82  11:35  High Templar x4  
  82  11:36  Warp Prism  
  82  11:39  High Templar x2  
  92  11:40  Zealot x6  
  106  11:51  Archon  
  106  12:00  Protoss Shields Level 1  
  104  12:05  Zealot x6  
  104  12:07  Zealot x4  
  108  12:12  Stalker x2  
  108  12:15  Probe x3  
  109  12:17  Probe  
  83  12:27  Probe x3  
  83  12:29  Probe  
  85  12:33  High Templar  
  85  12:34  High Templar x6  
  99  12:39  Archon, Probe x3  
  99  12:40  Sentry  
  99  12:41  Probe  
  105  12:51  Probe x2  
  107  13:00  Probe x2, Warp Prism  
  107  13:03  Probe  
  106  13:18  High Templar x2  
  106  13:19  High Templar x4  
  110  13:20  Zealot x2  
  110  13:21  Zealot x2  
  110  13:22  Archon x2  
  110  13:25  Archon  
  107  13:42  Zealot  
  109  13:52  High Templar x4  
  109  13:53  Zealot x6  
  129  13:56  Archon  
  129  13:57  Archon  
  117  14:13  Zealot x7  
Tags
 
Add a new tag
Caveats
  • Supply blocks, unpowered buildings, or Contaminate may cause inaccurate times.
  • Supply counts are checked every 10 seconds.